 Dungeon Crawl Stone Soup version 0.26.1-2-gb8aa6d0cf2 (webtiles) character file.

Game seed: 7563317198629250480

21 jlumianski the Grasshopper (level 2, -2/26 HPs)
             Began as a Gnoll Warper on Mar 27, 2021.
             Slain by a leopard gecko (4 damage)
             ... on level 2 of the Dungeon.
             The game lasted 00:02:41 (528 turns).

jlumianski the Grasshopper (Gnoll Warper)            Turns: 528, Time: 00:02:41

Health: -2/26      AC:  3    Str: 13    XL:     2   Next: 83%
Magic:  4/7        EV: 14    Int: 15    God:
Gold:   16         SH:  0    Dex: 14    Spells: 8/10 levels left

rFire    . . .     SeeInvis .   a - +0 hand axe
rCold    . . .     Faith    .   (no shield)
rNeg     . . .     Spirit   .   b - +0 leather armour
rPois    .         Reflect  .   (no helmet)
rElec    .         Harm     .   (no cloak)
rCorr    .         Rampage  .   (no gloves)
Will     .....                  (no boots)
Stlth    +.........             (no amulet)
HPRegen  0.08/turn              (no ring)
MPRegen  0.10/turn              (no ring)

@: very slightly contaminated
A: distributed training, fangs 1, strong nose
a: no special abilities


You were on level 2 of the Dungeon.
You visited 1 branch of the dungeon, and saw 2 of its levels.

You collected 16 gold pieces.

Inventory:

Hand Weapons
 a - a +0 hand axe (weapon)
 j - a +0 hand crossbow
Missiles
 e - 5 boomerangs of dispersal
 f - 78 stones
 g - 8 javelins (quivered)
Armour
 b - a +0 leather armour (worn)
Scrolls
 c - 3 scrolls of fear {unknown}
 d - a scroll of blinking
 h - 2 scrolls of remove curse {unknown}
 i - a scroll of enchant weapon {unknown}


   Skills:
 + Level 4.5 Fighting
 + Level 0.5 Short Blades
 + Level 0.5 Long Blades
 + Level 4.5 Axes
 + Level 0.5 Maces & Flails
 + Level 0.5 Polearms
 + Level 0.5 Staves
 + Level 0.5 Slings
 + Level 0.5 Bows
 + Level 0.5 Crossbows
 + Level 2.5 Throwing
 + Level 2.5 Armour
 + Level 4.5 Dodging
 + Level 0.5 Stealth
 + Level 0.5 Shields
 + Level 0.5 Unarmed Combat
 + Level 4.9 Spellcasting
 + Level 0.3 Conjurations
 + Level 0.3 Hexes
 + Level 0.3 Summonings
 + Level 0.3 Necromancy
 + Level 5.3 Translocations
 + Level 0.3 Transmutations
 + Level 0.3 Fire Magic
 + Level 0.3 Ice Magic
 + Level 0.3 Air Magic
 + Level 0.3 Earth Magic
 + Level 0.3 Poison Magic
 + Level 0.6 Invocations
 + Level 0.5 Evocations


You had 8 spell levels left.
You knew the following spells:

 Your Spells              Type           Power        Failure   Level
a - Blink                 Tloc           N/A          3%          2

Your spell library contained the following spells:

 Spells                   Type           Power        Failure   Level
 Gell's Gravitas          Tloc           9%           7%          3
 Lesser Beckoning         Tloc           9%           7%          3
 Teleport Other           Tloc           19%          7%          3
 Passage of Golubria      Tloc           N/A          22%         4


Dungeon Overview and Level Annotations

Branches:
Dungeon (2/15)

Altars:


Innate Abilities, Weirdness & Mutations

Your experience applies equally to all skills.
You have very sharp teeth.
Your uncanny sense of smell can sniff out nearby items.


Message History

Found a stone staircase leading down.
The leopard gecko barely misses you.
The goblin throws a stone.
The stone hits you.
* * * LOW HITPOINT WARNING * * *
You see here a stone.
You see here a stone.
The leopard gecko completely misses you.
The goblin throws a stone.
The stone hits you.
* * * LOW HITPOINT WARNING * * *
The leopard gecko closely misses you.
You see here a stone.
The leopard gecko hisses menacingly.
The leopard gecko bites you.
* * * LOW HITPOINT WARNING * * *
Casting: Blink (safe; 3% risk of failure)
Confirm with . or Enter, or press ? or * to list all spells.
You miscast Blink.
You are very lightly contaminated with residual magic.
Nothing appears to happen.
The leopard gecko bites you.
You die...

..........(.......#.##..
.#..#.....(((.((.......#####
.......#.(###.(.(.............
....#...(.###..#..........#
...#.##.(##..!......<....#
#... #..#...............#
##..##..#.#.............# .
#.......g..##..........# .. .#
##....#..(..l@.........#.#
...#..#....#(.##......<.....#
......#..#................###
....#....#....##..........#
....###.....#.######....###
..#.##.........# #....#..#
...............###.##.##....
###................##...###.g
##>............######... .#


You could see a leopard gecko and a goblin.

Vanquished Creatures
  A leopard gecko (D:1)
  5 goblins
  3 hobgoblins (D:1)
  A ball python (D:2)
  5 kobolds
  4 rats (D:1)
19 creatures vanquished.

Notes
Turn   | Place    | Note
-------+----------+-------------------------------------------
     0 | D:1      | jlumianski the Gnoll Warper began the quest for the Orb.
     0 | D:1      | Reached XP level 1. HP: 20/20 MP: 6/6
    65 | D:1      | Reached XP level 2. HP: 24/26 MP: 7/7
   262 | D:1      | Learned a level 2 spell: Blink
   527 | D:2      | HP: 1/26 [leopard gecko (1)]
   528 | D:2      | Slain by a leopard gecko

Illustrated notes

Levels and vault maps discovered:
D:1:      ncdulo_lavacross, layout_basic, nrook_campfire, minmay_vboxes
D:2:      layout_rooms

Action                   || total
-------------------------++-------
Melee: Hand axe          ||    62
       Bite              ||     2
 Cast: Blink             ||     1
Armor: Leather armour    ||    12
Dodge: Dodged            ||    67
